 Dungeon Crawl Stone Soup version 0.30-a0-696-g2367cd04db (webtiles) character file.

Game seed: 8088023989578025973

146 Shayle the Conjurer (level 5, -1/41 HPs)
             Began as a Demonspawn Reaver on Jan 21, 2023.
             Slain by a gnoll
             ... wielding a +0 spear
              (2 damage)
             ... on level 3 of the Dungeon.
             The game lasted 00:09:21 (3004 turns).

Shayle the Conjurer (Demonspawn Reaver)             Turns: 3004, Time: 00:09:22

Health: -1/41      AC:  4    Str: 13    XL:     5   Next: 7%
Magic:  8/8        EV: 11    Int: 18    God:
Gold:   124        SH:  0    Dex: 11    Spells: 4/8 levels left

rFire   . . .      SeeInvis .    a - +0 spear
rCold   . . .      Faith    .    (no shield)
rNeg    . . .      Spirit   .    b - +0 leather armour
rPois   .          Reflect  .    (no helmet)
rElec   .          Harm     .    h - +1 cloak
rCorr   .          Rampage  .    k - +0 pair of gloves
Will    +....                    (no boots)
Stlth   ++                       (no amulet)
HPRegen 0.26/turn                m - ring of willpower
MPRegen 0.11/turn                (no ring)

@: no status effects
A: big brain 1, demonic magic 1, deformed body
a: no special abilities


You were on level 3 of the Dungeon.
You visited 1 branch of the dungeon, and saw 3 of its levels.

You collected 124 gold pieces.

Inventory:

Hand Weapons
 a - a +0 spear (weapon)
Armour
 b - a +0 leather armour (worn)
 h - a +1 cloak (worn)
 k - a +0 pair of gloves (worn)
Jewellery
 m - a ring of willpower (left hand)
 o - an amulet of regeneration
Wands
 e - a wand of flame (18)
 l - a wand of polymorph (9)
Scrolls
 c - a scroll of amnesia {unknown}
 d - a scroll of blinking {unknown}
 j - a scroll of immolation
 n - a scroll of identify
 q - a scroll of teleportation
 r - a scroll of magic mapping {unknown}
Potions
 f - a potion of haste {unknown}
 g - a potion of resistance {unknown}
 i - 2 potions of brilliance
 p - a potion of ambrosia


   Skills:
 + Level 3.1 Fighting
 - Level 2.6 Polearms
 + Level 2.0 Armour
 - Level 1.7 Dodging
 + Level 2.0 Stealth
 - Level 2.0 Spellcasting
 + Level 3.4 Conjurations
 + Level 1.2 Ice Magic


You had 4 spell levels left.
You knew the following spells:

 Your Spells              Type           Power      Damage    Failure   Level
a - Kiss of Death         Conj/Necr      28%        2d7       12%         1
b - Hailstorm             Conj/Ice       10%        3d5       26%         3

Your spell library contained the following spells:

 Spells                   Type           Power      Damage    Failure   Level
 Freeze                   Ice            24%        1d4       14%         1
 Momentum Strike          Conj/Tloc      14%        3d8       17%         2
 Frozen Ramparts          Ice            12%        1d2       38%         3
 Animate Armour           Summ/Erth      2%         N/A       92%         4
 Irradiate                Conj/Tmut      3%         3d12      97%         5
 Blade Hands              Tmut           0%         N/A       99%         5
 Iron Shot                Conj/Erth      3%         9d2       100%        6
 Dragon Form              Tmut           0%         N/A       100%        7


Dungeon Overview and Level Annotations

Branches:
Dungeon (3/15)

Altars:


Innate Abilities, Weirdness & Mutations

You have an unusually large brain. (Int +2)
Spells you cast may paralyse adjacent enemies.
Armour fits poorly on your strangely shaped body.


Message History

The gnoll closely misses you.
You barely miss the gnoll. The gnoll closely misses you.
The gnoll hits you with a +0 club!
The gnoll hits you from afar with a +0 spear.
The gnoll closely misses you. The gnoll hits you but does no damage.
The gnoll attacks as you move away! The gnoll barely misses you.
The gnoll attacks as you move away! The gnoll completely misses you.
The gnoll attacks as you move away! The gnoll hits you but does no damage.
Found a scroll of identify.
The gnoll attacks as you move away! The gnoll hits you with a +0 club.
You see here a scroll of identify.
The gnoll attacks as you move away! The gnoll barely misses you.
The gnoll attacks as you move away! The gnoll closely misses you.
The gnoll attacks as you move away! The gnoll hits you but does no damage.
The gnoll attacks as you move away! The gnoll completely misses you.
The gnoll attacks as you move away! The gnoll barely misses you.
The gnoll attacks as you move away! The gnoll barely misses you.
You hit the gnoll.
The gnoll is heavily wounded.
The gnoll hits you with a +0 club. The gnoll closely misses you.
The gnoll misses you.
The gnoll hits you from afar with a +0 spear.
The gnoll attacks as you move away! The gnoll barely misses you.
The gnoll attacks as you move away! The gnoll barely misses you.
The gnoll attacks as you move away! The gnoll hits you with a +0 club.
You hit the gnoll.
The gnoll is almost dead.
The gnoll closely misses you. The gnoll misses you.
The gnoll hits you with a +0 spear.
You hit the gnoll but do no damage. The gnoll barely misses you.
The gnoll hits you with a +0 club. The gnoll hits you with a +0 spear.
* * * LOW HITPOINT WARNING * * *
You hit the gnoll.
The gnoll is lightly wounded.
The gnoll hits you with a +0 club.
* * * LOW HITPOINT WARNING * * *
The gnoll hits you with a +0 club.
* * * LOW HITPOINT WARNING * * *
The gnoll hits you with a +0 spear.
You die...

#.# ##<## #.######.# #.# #.#
#.# #........# #.# #.# #.#
########.# #.#
#######################..###.#
.............?....g...#...##.#
#.####.####.####.####.#......#
'.+..#.#..+.+..#.# #.#...####
#.#..#.#).#g#.g#.# #.#..##
#.#'##)#'##.#'##@#+##.##.#
...............ggg....##.#
#.#'##.#'##.#'##.#+##.##.#
#.#..#.#..#.#..#.#..#.##.#
#.#..'.'..#.#..'.'..#.##.#
#.####.####.####.####.##.#
......................##.#
#####################.# #..


You could see 3 gnolls.

Vanquished Creatures
  A hound (D:3)
  Terence (D:2)
  A gnoll (D:3)
  An adder (D:2)
  8 orcs
  11 endoplasms
  8 goblins
  5 hobgoblins
  9 ball pythons
  3 bats (D:1)
  3 frilled lizards
  5 kobolds
  3 rats
59 creatures vanquished.

Notes
Turn   | Place    | Note
-------+----------+-------------------------------------------
     0 | D:1      | Shayle the Demonspawn Reaver began the quest for the Orb.
     0 | D:1      | Reached XP level 1. HP: 16/16 MP: 3/3
   233 | D:1      | Gained mutation: You have an unusually large brain. (Int
                  | +2) [demonic ancestry]
   233 | D:1      | Reached XP level 2. HP: 19/22 MP: 5/5
   279 | D:1      | Reached skill level 1 in Stealth
   314 | D:1      | Reached skill level 1 in Armour
   565 | D:1      | Reached XP level 3. HP: 26/28 MP: 6/6
   683 | D:1      | Learned a level 3 spell: Hailstorm
   700 | D:2      | Noticed Terence
   724 | D:2      | Killed Terence
  1648 | D:2      | Gained mutation: Spells you cast may paralyse adjacent
                  | enemies. [demonic ancestry]
  1648 | D:2      | Reached XP level 4. HP: 34/34 MP: 7/7
  2478 | D:3      | Gained mutation: Armour fits poorly on your strangely
                  | shaped body. [potion of mutation]
  2653 | D:3      | Reached skill level 1 in Ice Magic
  2787 | D:3      | Noticed Ijyb
  2792 | D:3      | Ijyb changed into Ijyb the orc
  2792 | D:3      | Noticed Ijyb
  2800 | D:3      | Killed Ijyb the orc
  2809 | D:3      | Reached XP level 5. HP: 18/41 MP: 8/8
  3004 | D:3      | HP: 1/41 [gnoll/+0 club (6)]
  3004 | D:3      | Slain by a gnoll

Illustrated notes

Levels and vault maps discovered:
D:1:      moated_graveyard_arrival, layout_rooms
D:2:      layout_basic, uniq_terence
D:3:      minmay_door_path, layout_loops_ring, minmay_overflow_temple_star_quad,
          uniq_ijyb

Skill      XL: |  1  2  3  4 |
---------------+-------------+-----
Stealth        | 1 2 |  2.0
Armour         | 1 2 |  2.0
Fighting       | 3 |  3.1
Ice Magic      | 1 |  1.2
Polearms       | |  2.6
Dodging        | |  1.7
Spellcasting   | |  2.0
Conjurations   | |  3.4

Action                   |  1- 3 |  4- 6 || total
-------------------------+-------+-------++-------
Melee: Spear             |   171 |   108 ||   279
       Punch             |     2 |     1 ||     3
 Cast: Kiss of Death     |     1 |       ||     1
       Hailstorm         |       |     1 ||     1
Evoke: Wand              |       |     4 ||     4
  Use: Scroll            |       |     8 ||     8
       Potion            |       |     2 ||     2
 Stab: Sleeping          |     2 |       ||     2
Armor: Leather armour    |    52 |    26 ||    78
       Skin              |    10 |       ||    10
Dodge: Dodged            |    79 |    63 ||   142

Table legend: (Time is in decaauts)
 A = Elapsed time spent in this place.
 B = Non-inter-level travel time spent in this place.
 C = Inter-level travel time spent in this place.
 D = Time resting spent in this place.
 E = Time spent auto-exploring this place.
 F = Levels seen in this place.
 G = Mean time per level.
                   A        B        C        D        E       F      G
               +--------+--------+--------+--------+--------+-----+--------+
         Total |   2996 |   2952 |     44 |    560 |   1552 |   3 |  998.7 |
       Dungeon |   2996 |   2952 |     44 |    560 |   1552 |   3 |  998.7 |
               +--------+--------+--------+--------+--------+-----+--------+

Top non-repeatable levels by time:
     D:2: 1326 daAuts
     D:3: 973 daAuts
     D:1: 696 daAuts
